 Dungeon Crawl Stone Soup version 0.31.0-11-ge490571c62 (webtiles) character file.

Game seed: 13979707354141293268

68 qw the Shooter (level 4, -1/25 HPs)
             Began as a Deep Elf Hunter on Feb 3, 2024.
             Slain by Sigmund
             ... wielding a +0 scythe
              (3 damage)
             ... on level 3 of the Dungeon.
             The game lasted 00:00:06 (1124 turns).

qw the Shooter (Deep Elf Hunter)                    Turns: 1124, Time: 00:00:06

Health: -1/25      AC:  6    Str: 10    XL:     4   Next: 1%
Magic:  6/6        EV: 16    Int: 14    God:
Gold:   155        SH:  0    Dex: 16    Spells: 3/3 levels left

rFire   + . .        a - +0 shortbow
rCold   . . .        (shield currently unavailable)
rNeg    . . .        d - +0 ring mail
rPois   .            (no helmet)
rElec   .            (no cloak)
rCorr   .            (no gloves)
SInv    .            (no boots)
Will    .....        (no amulet) Stlth
                     k - +5 ring of evasion
HPRegen 0.24/turn    (no ring)
MPRegen 0.10/turn

%: no passive effects
@: confused, brilliant
A: clumsy 1, fire resistance 1, shaggy fur 1, evolution 1, noise suppression
a: no special abilities


You were on level 3 of the Dungeon.
You visited 1 branch of the dungeon, and saw 3 of its levels.

You collected 155 gold pieces.


Innate Abilities, Weirdness & Mutations

You are clumsy. (Dex -2)
Your flesh is heat resistant. (rF+)
You are covered in fur. (AC +1)
You have hidden genetic potential.
You passively dampen the noise of your surroundings.


   Skills:
 - Level 1.5 Fighting
 + Level 7.4 Ranged Weapons
 - Level 2.4 Dodging
 - Level 1.2 Stealth


You had 3 spell levels left.
You didn't know any spells.
Your spell library was empty.

Inventory:

Hand Weapons
 a - a +0 shortbow (weapon)
Armour
 d - a +0 ring mail (worn)
Jewellery
 k - a +5 ring of evasion (left hand)
Scrolls
 h - a scroll of teleportation
Potions
 c - a potion of resistance
 e - a potion of mutation
 l - a potion of might

Dungeon Overview and Level Annotations

Branches:
Dungeon (3/15)

Altars:

Annotations:
D:3 Sigmund


Message History

Magic courses through your body. Sigmund casts a spell at you.
You are more confused.
Sigmund casts a spell.
Sigmund flickers and vanishes!
Deactivating autopickup; reactivate with Ctrl-A.
You shoot an arrow. You shoot an arrow. Something barely misses you.
You shoot an arrow. You shoot an arrow. The arrow misses you.
You hear some strange, mumbled words.
You are more confused.
You hear some strange, mumbled words.
Something tries to affect you, but you resist.
You shoot an arrow. The arrow hits you! Something hits you.
You shoot an arrow. Something hits you!
You shoot an arrow. You shoot an arrow. Something closely misses you.
You shoot an arrow. Something hits you but does no damage.
You shoot an arrow. Something barely misses you.
You shoot an arrow. You shoot an arrow.
You hear some strange, mumbled words.
You are more confused.
Something hits you.
You shoot an arrow. You shoot an arrow.
You hear some strange, mumbled words.
Something tries to affect you, but you resist.
You shoot an arrow. Something hits you.
You shoot an arrow. Something hits you.
You die...

...8...#.....<#..###..####...#
.......#.........###..##.....#
.####....###......##........##
.# ###..#...#.#.....#<......#
### ##+#.###.#..#..#####...##
... .. #....#......#....# ...
###....####.#.#### ... #..####
#.#.### ### ########@....#
#.....# # #........###.#
####### #........# #
#########........+
........#........#
........#........#
.........####....# .........
.....# ......... ..#.###


There were no monsters in sight!

Vanquished Creatures
  2 adders (D:2)
  5 ball pythons
  4 endoplasms
  3 giant cockroaches
  4 goblins
  5 hobgoblins
  7 kobolds
  4 quokkas
  5 bats
  4 frilled lizards
  5 rats
48 creatures vanquished.

Notes
Turn   | Place    | Note
-------+----------+-------------------------------------------
     0 | D:1      | qw the Deep Elf Hunter began the quest for the Orb.
     0 | D:1      | Reached XP level 1. HP: 12/12 MP: 3/3
     0 | D:1      | 0 ||| qw: Version: 0.3-a-155-g5e7d8dd
     0 | D:1      | 0 ||| qw: Game counter: 3105
     0 | D:1      | 0 ||| qw: Melee chars always use a shield: true
     0 | D:1      | 0 ||| qw: God list: Okawaru
     0 | D:1      | 0 ||| qw: Allow faded altars: false
     0 | D:1      | 0 ||| qw: Do Orc after clearing Dungeon:15 true
     0 | D:1      | 0 ||| qw: Do second Lair branch before Depths: true
     0 | D:1      | 0 ||| qw: Lair rune preference: random
     0 | D:1      | 0 ||| qw: Goals: Normal
     0 | D:1      | 0 ||| PLANNING D:1-11
   165 | D:1      | Reached skill level 6 in Ranged Weapons
   165 | D:1      | Reached XP level 2. HP: 16/16 MP: 4/4
   401 | D:1      | 401 ||| UPGRADING to +0 ring mail.
   411 | D:1      | 411 ||| DROPPING +0 leather armour.
   412 | D:1      | 412 ||| READING scroll labelled VARETTATZO.
   413 | D:1      | 413 ||| READING 2 scrolls labelled IRONTO LAEBIH.
   413 | D:1      | 413 ||| IDENTIFYING murky coppery potion
   414 | D:1      | 414 ||| READING scroll of identify.
   414 | D:1      | 414 ||| IDENTIFYING orange potion
   415 | D:1      | 415 ||| DRINKING 2 lumpy white potions.
   415 | D:1      | Gained mutation: You are covered in fur. (AC +1) [potion of
                  | mutation]
   415 | D:1      | Gained mutation: You are clumsy. (Dex -2) [potion of
                  | mutation]
   415 | D:1      | Gained mutation: You passively dampen the noise of your
                  | surroundings. [potion of mutation]
   415 | D:1      | Gained mutation: You have hidden genetic potential. [potion
                  | of mutation]
   416 | D:1      | 416 ||| DROPPING scroll of butterflies.
   417 | D:1      | 417 ||| DROPPING potion of attraction.
   509 | D:2      | Reached XP level 3. HP: 20/20 MP: 5/5
   705 | D:2      | HP: 5/20 [poisoned by an adder]
   706 | D:2      | 706 ||| DRINKING potion of heal wounds.
   708 | D:2      | Reached skill level 7 in Ranged Weapons
   716 | D:2      | Gained mutation: Your flesh is heat resistant. (rF+)
                  | [hidden potential]
   896 | D:2      | 896 ||| DROPPING amulet of magic regeneration.
   897 | D:2      | 897 ||| UPGRADING to +5 ring of evasion.
   898 | D:2      | 898 ||| READING 2 scrolls of identify.
   898 | D:2      | 898 ||| IDENTIFYING fuming puce potion
   899 | D:2      | 899 ||| READING scroll of identify.
   899 | D:2      | 899 ||| IDENTIFYING sapphire potion
   900 | D:2      | 900 ||| READING scroll labelled POAFAAJEPT.
   901 | D:2      | 901 ||| READING 2 scrolls labelled OSKASIC YMANI.
   905 | D:2      | 905 ||| READING scroll labelled LARPHE IFYEBU.
   944 | D:2      | 944 ||| DRINKING 2 bubbling dark potions.
   945 | D:2      | 945 ||| DROPPING potion of berserk rage.
   961 | D:3      | 961 ||| STAIRDANCE
  1023 | D:3      | Found a faded altar of an unknown god.
  1033 | D:3      | Reached XP level 4. HP: 22/25 MP: 6/6
  1100 | D:3      | Noticed Sigmund
  1101 | D:3      | 1101 ||| FLEEEEING.
  1102 | D:3      | 1102 ||| FLEEEEING.
  1103 | D:3      | 1103 ||| DRINKING red potion.
  1104 | D:3      | 1104 ||| DRINKING glowing grey potion.
  1114 | D:3      | HP: 6/25 [something (7)]
  1120 | D:3      | HP: 2/25 [something (5)]
  1124 | D:3      | Slain by Sigmund

Levels and vault maps discovered:
D:1:      ebering_trefoil_twist, layout_rooms, minmay_split_cup_large
D:2:      layout_basic, mrwooster_statue_mirror,
          corexii_item_surrounded_by_moat, grunt_decor_mini_mirrors
D:3:      layout_basic, chequers_ecumenical_altar_simple_redux, uniq_ijyb,
          uniq_sigmund, uniq_natasha

Skill      XL: |  1  2  3 |
---------------+----------+-----
Ranged Weapons | 6 7 |  7.4
Fighting       | |  1.5
Dodging        | |  2.4
Stealth        | |  1.2

Action                     |  1- 3 |  4- 6 || total
---------------------------+-------+-------++-------
   Fire: Shortbow          |   135 |    16 ||   151
    Use: Scroll            |     8 |       ||     8
         Potion            |     3 |     2 ||     5
 Armour: Leather armour    |     9 |       ||     9
         Ring mail         |    30 |     8 ||    38
  Dodge: Dodged            |    31 |     4 ||    35

Table legend:
 A = Non-vault XP
 B = Vault XP
 C = Vault XP percentage of total XP
 D = Non-vault monster count
 E = Vault monster count
 F = Vault count percentage of total count
                 A         B        C        D         E       F
            +---------+---------+-------+---------+---------+-------
      Total |      92 |       6 |   6.1 |      44 |       4 |   8.3
            +---------+---------+-------+---------+---------+-------
        D:1 |      25 |       6 |  19.4 |      16 |       4 |  20.0
        D:2 |      52 |       0 |   0.0 |      20 |       0 |   0.0
        D:3 |      15 |       0 |   0.0 |       8 |       0 |   0.0
            +---------+---------+-------+---------+---------+-------
